 Dungeon Crawl Stone Soup version 0.24.0-7-gb3623d2c88 (webtiles) character file.

Game seed: 6224641110779923978, levelgen mode: deterministic

71 Kairok the Sneak (level 4, -1/23 HPs)
             Began as a Vine Stalker Assassin on Nov 2, 2019.
             Splashed by Ijyb's acid (12 damage)
             ... on level 3 of the Dungeon.
             The game lasted 00:05:24 (1474 turns).

Kairok the Sneak (Vine Stalker Assassin)            Turns: 1474, Time: 00:05:24

Health: -1/23      AC:  9    Str: 14    XL:     4   Next: 24%
Magic:  0/5        EV: 14    Int: 11    God:
Gold:   56         SH:  0    Dex: 16    Spells: 3/3 levels left

rFire    . . .     SeeInvis .   a - +2 dagger
rCold    . . .     Gourm    .   (no shield)
rNeg     . . .     Faith    .   m - +0 scale mail
rPois    +         Spirit   +   (no helmet)
rElec    .         Reflect  .   s - +1 cloak
rCorr    .         Harm     .   i - +0 pair of gloves
MR       .....                  (no boots)
Stlth    ++........             (no amulet)
HPRegen  0.47/turn              t - +5 ring of evasion
MPRegen  0.09/turn              l - ring of poison resistance

@: no status effects
A: fangs 2, regeneration 1, magic shield, antimagic bite, no potion heal 3, rot
immunity
a: no special abilities


You were on level 3 of the Dungeon.
You were not hungry.

You visited 1 branch of the dungeon, and saw 3 of its levels.

You collected 56 gold pieces.

Inventory:

Hand Weapons
 a - a +2 dagger (weapon)
Missiles
 d - 8 poisoned darts (quivered)
 e - 2 curare-tipped darts
Armour
 i - a +0 pair of gloves (worn)
 m - a +0 scale mail (worn)
 s - a +1 cloak (worn)
Jewellery
 h - an uncursed ring of protection from magic
 k - an uncursed ring of flight
 l - a ring of poison resistance (right hand)
 t - a +5 ring of evasion (left hand)
Wands
 p - a wand of flame (14)
Scrolls
 b - a scroll of teleportation {unknown}
 c - a scroll of enchant armour {unknown}
 g - a scroll of immolation
 j - a scroll of magic mapping {unknown}
 n - a scroll of enchant weapon {unknown}
 o - a scroll of random uselessness {unknown}
Potions
 q - a potion of might {unknown}
 r - a potion of resistance {unknown}
Comestibles
 f - 7 rations


   Skills:
 + Level 1.9 Fighting
 + Level 2.1 Short Blades
 + Level 1.8 Throwing
 + Level 1.1 Dodging
 + Level 6.5 Stealth


You had 3 spell levels left.
You didn't know any spells.
Your spell library was empty.

Dungeon Overview and Level Annotations

Branches:
Dungeon (3/15)

Altars:

Annotations:
D:3 Ijyb


Innate Abilities, Weirdness & Mutations

You have extremely sharp teeth.
Your natural rate of healing is unusually fast.
When hurt, damage is shared between your health and your magic reserves.
Your bite disrupts and absorbs the magic of your enemies.
Potions cannot restore your health.
You are immune to rotting.


Message History

Done exploring.
Done exploring.
Done exploring.
There is a stone staircase leading down here.
You climb downwards.
You hear the sound of rushing water.
There is an entrance to a sewer on this level.
Hurry and find it before the portal rusts away! 2 jackals and Ijyb come into view.
Ijyb shouts!
Found 8 gold pieces.
There is a stone staircase leading up here.
The jackal barks!
As you read the scroll labeled RIMIR QOKHLETS, it crumbles to dust.
The creatures around you are filled with an inner flame!
It was a scroll of immolation.
The jackal barely misses you.
Ijyb zaps a wand.
The bolt of acid hits you!
Ouch! That really hurt!
You are splashed with acid!
Ouch! That really hurt!
You die...

..
#.#
..
#.#
..
#h
#h##
#.@#
##.#
#.#
#..
##.
g#
.#
..


You could see Ijyb (inner flame) and 2 jackals.

Vanquished Creatures
  An adder (D:2)
  An ooze (D:1)
  A worm (D:2)
  A dart slug (D:1)
  A leopard gecko (D:1)
  5 giant cockroaches
  9 goblins
  5 hobgoblins
  6 jackals (D:1)
  4 kobolds
  4 bats
  7 frilled lizards
  4 rats (D:1)
49 creatures vanquished.

Notes
Turn   | Place    | Note
-------+----------+-------------------------------------------
     0 | D:1      | Kairok the Vine Stalker Assassin began the quest for the
                  | Orb.
     0 | D:1      | Reached XP level 1. HP: 11/11 MP: 2/2
    29 | D:1      | Reached skill level 1 in Dodging
    50 | D:1      | Reached skill level 5 in Stealth
   141 | D:1      | Reached XP level 2. HP: 15/15 MP: 3/3
   325 | D:1      | Reached XP level 3. HP: 16/18 MP: 4/4
   343 | D:1      | Reached skill level 6 in Stealth
   969 | D:2      | Gained mutation: Your natural rate of healing is unusually
                  | fast. [Vine Stalker growth]
   969 | D:2      | Reached XP level 4. HP: 15/23 MP: 5/5
  1471 | D:3      | Noticed Ijyb
  1474 | D:3      | Splashed by Ijyb's acid

Levels and vault maps discovered:
D:1:      dpeg_arrival_prison, layout_basic
D:2:      layout_basic, first_ration
D:3:      layout_rooms, cheibrodos_sewer_entry_bend, uniq_ijyb

Skill      XL: |  1  2  3 |
---------------+----------+-----
Dodging        | 1 |  1.1
Stealth        | 5 6 |  6.5
Short Blades   | 2 |  2.1
Fighting       | |  1.9
Throwing       | |  1.8

Action                   |  1- 3 |  4- 6 || total
-------------------------+-------+-------++-------
Melee: Dagger            |    97 |    16 ||   113
       Bite              |    17 |     3 ||    20
Throw: Dart              |       |     3 ||     3
  Use: Scroll            |       |     1 ||     1
 Stab: Sleeping          |     7 |     2 ||     9
  Eat: Chunk             |       |     2 ||     2
Armor: Robe              |    13 |       ||    13
       Scale mail        |    14 |     4 ||    18
Dodge: Dodged            |    41 |     2 ||    43
